TOP OF THE 1ST |
Los Angeles (NYP) Dodgers batting - Pitching for Cincinnati (NYP) Reds : RHP Jesus Gallegos
|
Pitching: RHP Jesus Gallegos
|
|
Batting: RHB Jim Rogers
|
0-0: Ball 1-0: Foul Ball, location: 2F 1-1: Fly out, F7 (Flyball, 7, EV 94.4 MPH)
|
Batting: RHB Mike Dodson
|
0-0: DOUBLE (Groundball, 5L, EV 102.5 MPH)
|
Batting: RHB Luis Grajeda
|
0-0: Called Strike 0-1: Foul Ball, location: 2F 0-2: Ball 1-2: Fly out, F8 (Flyball, 8RXD, EV 87.5 MPH) Runner from 2nd tags up, SAFE at 3rd, no throw by CF
|
Batting: LHB Stephen Van Raalte
|
0-0: Foul Ball, location: 2F 0-1: Ball 1-1: Ball 2-1: Ball 3-1: Foul Ball, location: 2F 3-2: Strikes out swinging
|
Top of the 1st over - 0 runs, 1 hit, 0 errors, 1 left on base; Los Angeles (NYP) 0 - Cincinnati (NYP) 0 |
BOTTOM OF THE 1ST |
Cincinnati (NYP) Reds batting - Pitching for Los Angeles (NYP) Dodgers : RHP Jean-Michel Hamon
|
Pitching: RHP Jean-Michel Hamon
|
|
Batting: RHB Ryan Short
|
0-0: Fly out, F7 (Flyball, 7LS, EV 75.0 MPH)
|
Batting: RHB Kagetoki Kawai
|
0-0: Called Strike 0-1: Swinging Strike 0-2: Ball 1-2: Strikes out looking
|
Batting: LHB Ray Walden
|
0-0: Fly out, F4 (Popup, 4S, EV 75.0 MPH)
|
Bottom of the 1st over - 0 runs, 0 hits, 0 errors, 0 left on base; Los Angeles (NYP) 0 - Cincinnati (NYP) 0 |
TOP OF THE 2ND |
Los Angeles (NYP) Dodgers batting - Pitching for Cincinnati (NYP) Reds : RHP Jesus Gallegos
|
Batting: LHB Nate Kee
|
0-0: Ball 1-0: Ball 2-0: Called Strike 2-1: Called Strike 2-2: Ball 3-2: Strikes out swinging, 2-3 out at first.
|
Batting: RHB Justin Curran
|
0-0: Foul Ball, location: 2F 0-1: Ground out 6-3 (Groundball, 6, EV 83.1 MPH)
|
Batting: RHB David Watkins
|
0-0: Called Strike 0-1: Ball 1-1: Called Strike 1-2: Ball 2-2: Strikes out looking
|
Top of the 2nd over - 0 runs, 0 hits, 0 errors, 0 left on base; Los Angeles (NYP) 0 - Cincinnati (NYP) 0 |
BOTTOM OF THE 2ND |
Cincinnati (NYP) Reds batting - Pitching for Los Angeles (NYP) Dodgers : RHP Jean-Michel Hamon
|
Batting: RHB Pat McCoy
|
0-0: Ball 1-0: Ball 2-0: Called Strike 2-1: Fly out, F8 (Flyball, 78XD, EV 93.8 MPH)
|
Batting: RHB Ben Hinman
|
0-0: Ball 1-0: Ground out 6-3 (Groundball, 6, EV 89.4 MPH)
|
Batting: RHB Jonathan Robies
|
0-0: Ball 1-0: Ball 2-0: Called Strike 2-1: Ground out 1-3 (Groundball, 15S, EV 64.4 MPH)
|
Bottom of the 2nd over - 0 runs, 0 hits, 0 errors, 0 left on base; Los Angeles (NYP) 0 - Cincinnati (NYP) 0 |
TOP OF THE 3RD |
Los Angeles (NYP) Dodgers batting - Pitching for Cincinnati (NYP) Reds : RHP Jesus Gallegos
|
Batting: RHB Joel Escalera
|
0-0: Ball 1-0: Swinging Strike 1-1: Ground out 6-3 (Groundball, 6, EV 108.1 MPH)
|
Batting: SHB Josh Vaill
|
0-0: Called Strike 0-1: Foul Ball, location: 2F 0-2: Ball 1-2: Ball 2-2: Strikes out swinging
|
Batting: RHB Jim Rogers
|
0-0: Ball 1-0: Called Strike 1-1: Ball 2-1: Ball 3-1: Called Strike 3-2: Ground out U3 (Groundball, 34S, EV 80.0 MPH)
|
Top of the 3rd over - 0 runs, 0 hits, 0 errors, 0 left on base; Los Angeles (NYP) 0 - Cincinnati (NYP) 0 |
BOTTOM OF THE 3RD |
Cincinnati (NYP) Reds batting - Pitching for Los Angeles (NYP) Dodgers : RHP Jean-Michel Hamon
|
Batting: RHB Eric Sullivan
|
0-0: Called Strike 0-1: Ball 1-1: Ground out 4-3 (Groundball, 4, EV 84.4 MPH)
|
Batting: RHB Matt Silva
|
0-0: Called Strike 0-1: Foul Ball, location: 2F 0-2: Ground out 4-3 (Groundball, 4, EV 98.8 MPH)
|
Batting: RHB Frank Moron
|
0-0: Called Strike 0-1: Ball 1-1: Ball 2-1: Foul Ball, location: 2F 2-2: SINGLE (Flyball, 5D, EV 92.5 MPH)
|
Batting: RHB Ryan Short
|
0-0: Ball 1-0: Called Strike 1-1: Foul Ball, location: 2F 1-2: Ball 2-2: Foul Ball, location: 2F 2-2: Fielders Choice at 2nd, 6-4 (Groundball, 6, EV 111.2 MPH)
|
Bottom of the 3rd over - 0 runs, 1 hit, 0 errors, 1 left on base; Los Angeles (NYP) 0 - Cincinnati (NYP) 0 |
TOP OF THE 4TH |
Los Angeles (NYP) Dodgers batting - Pitching for Cincinnati (NYP) Reds : RHP Jesus Gallegos
|
Batting: RHB Mike Dodson
|
0-0: Foul Ball, location: 2F 0-1: Ground out 4-3 (Groundball, 6MD, EV 88.1 MPH)
|
Batting: RHB Luis Grajeda
|
0-0: Foul Ball, location: 2F 0-1: Fly out, F9 (Flyball, 9D, EV 104.4 MPH)
|
Batting: LHB Stephen Van Raalte
|
0-0: Swinging Strike 0-1: Foul Ball, location: 2F 0-2: Ball 1-2: Ball 2-2: Ball 3-2: Ground out 6-3 (Groundball, 4M, EV 84.4 MPH)
|
Top of the 4th over - 0 runs, 0 hits, 0 errors, 0 left on base; Los Angeles (NYP) 0 - Cincinnati (NYP) 0 |
BOTTOM OF THE 4TH |
Cincinnati (NYP) Reds batting - Pitching for Los Angeles (NYP) Dodgers : RHP Jean-Michel Hamon
|
Batting: RHB Kagetoki Kawai
|
0-0: Called Strike 0-1: Ball 1-1: Swinging Strike 1-2: Foul Ball, location: 2F 1-2: SOLO HOME RUN (Flyball, 7LD, EV 93.8 MPH), Distance : 364 ft
|
Batting: LHB Ray Walden
|
0-0: Ball 1-0: SOLO HOME RUN (Flyball, 9D, EV 100.0 MPH), Distance : 389 ft
|
Batting: RHB Pat McCoy
|
0-0: Ball 1-0: Called Strike 1-1: Called Strike 1-2: Strikes out swinging
|
Batting: RHB Ben Hinman
|
0-0: Called Strike 0-1: Foul Ball, location: 2F 0-2: Ball 1-2: Foul Ball, location: 2F 1-2: Foul Ball, location: 2F 1-2: Ball 2-2: Ball 3-2: Strikes out looking
|
Batting: RHB Jonathan Robies
|
0-0: Foul Ball, location: 2F 0-1: TRIPLE (Flyball, 89XD, EV 103.1 MPH)
|
Batting: RHB Eric Sullivan
|
0-0: Called Strike 0-1: Swinging Strike 0-2: Ball 1-2: Ball 2-2: Foul Ball, location: 2F 2-2: Foul Ball, location: 2F 2-2: Ball 3-2: Fly out, F7 (Flyball, 7LS, EV 93.1 MPH)
|
Bottom of the 4th over - 2 runs, 3 hits, 0 errors, 1 left on base; Los Angeles (NYP) 0 - Cincinnati (NYP) 2 |
TOP OF THE 5TH |
Los Angeles (NYP) Dodgers batting - Pitching for Cincinnati (NYP) Reds : RHP Jesus Gallegos
|
Batting: LHB Nate Kee
|
0-0: Called Strike 0-1: Ball 1-1: Ball 2-1: Foul Ball, location: 2F 2-2: Ball 3-2: Strikes out swinging
|
Batting: RHB Justin Curran
|
0-0: Ball 1-0: Ground out 5-3 (Groundball, 5S, EV 68.8 MPH)
|
Batting: RHB David Watkins
|
0-0: Ball 1-0: Ground out 6-3 (Groundball, 6M, EV 76.9 MPH)
|
Top of the 5th over - 0 runs, 0 hits, 0 errors, 0 left on base; Los Angeles (NYP) 0 - Cincinnati (NYP) 2 |
BOTTOM OF THE 5TH |
Cincinnati (NYP) Reds batting - Pitching for Los Angeles (NYP) Dodgers : RHP Jean-Michel Hamon
|
Batting: RHB Matt Silva
|
0-0: Called Strike 0-1: Ball 1-1: Ball 2-1: Called Strike 2-2: Ground out 6-3 (Groundball, 6S, EV 70.6 MPH)
|
Batting: RHB Frank Moron
|
0-0: Called Strike 0-1: Ground out 3-1 (Groundball, 34, EV 80.0 MPH)
|
Batting: RHB Ryan Short
|
0-0: Foul Ball, location: 2F 0-1: Ball 1-1: Ground out 6-3 (Groundball, 6, EV 107.5 MPH)
|
Bottom of the 5th over - 0 runs, 0 hits, 0 errors, 0 left on base; Los Angeles (NYP) 0 - Cincinnati (NYP) 2 |
TOP OF THE 6TH |
Los Angeles (NYP) Dodgers batting - Pitching for Cincinnati (NYP) Reds : RHP Jesus Gallegos
|
Batting: RHB Joel Escalera
|
0-0: Fly out, F7 (Flyball, 7S, EV 94.4 MPH)
|
Batting: SHB Josh Vaill
|
0-0: Called Strike 0-1: Called Strike 0-2: Strikes out swinging
|
Batting: RHB Jim Rogers
|
0-0: Fly out, F3 (Popup, 3S, EV 78.8 MPH)
|
Top of the 6th over - 0 runs, 0 hits, 0 errors, 0 left on base; Los Angeles (NYP) 0 - Cincinnati (NYP) 2 |
BOTTOM OF THE 6TH |
Cincinnati (NYP) Reds batting - Pitching for Los Angeles (NYP) Dodgers : RHP Jean-Michel Hamon
|
Batting: RHB Kagetoki Kawai
|
0-0: Ball 1-0: Called Strike 1-1: Ball 2-1: Fly out, F9 (Flyball, 9LM, EV 94.4 MPH)
|
Batting: LHB Ray Walden
|
0-0: Ball 1-0: Ball 2-0: Foul Ball, location: 2F 2-1: Ball 3-1: Fly out, F3 (Popup, 3SF, EV 73.8 MPH)
|
Batting: RHB Pat McCoy
|
0-0: Ball 1-0: Foul Ball, location: 2F 1-1: Foul Ball, location: 2F 1-2: Strikes out looking
|
Bottom of the 6th over - 0 runs, 0 hits, 0 errors, 0 left on base; Los Angeles (NYP) 0 - Cincinnati (NYP) 2 |
TOP OF THE 7TH |
Los Angeles (NYP) Dodgers batting - Pitching for Cincinnati (NYP) Reds : RHP Jesus Gallegos
|
Batting: RHB Mike Dodson
|
0-0: SINGLE (Line Drive, 7LS, EV 98.1 MPH)
|
Batting: RHB Luis Grajeda
|
0-0: Called Strike 0-1: Called Strike 0-2: Foul Ball, location: 2F 0-2: Foul Ball, location: 2F 0-2: Foul Ball, location: 2F 0-2: Ball 1-2: 2-RUN HOME RUN (Flyball, 7D, EV 97.5 MPH), Distance : 400 ft
|
Batting: LHB Stephen Van Raalte
|
0-0: SINGLE (Flyball, 3D, EV 88.1 MPH)
|
Batting: LHB Nate Kee
|
0-0: Ball 1-0: Called Strike 1-1: Called Strike 1-2: Strikes out swinging
|
Batting: RHB Justin Curran
|
0-0: Called Strike 0-1: Foul Ball, location: 2F 0-2: Hit by Pitch Stephen Van Raalte to second
|
Batting: RHB David Watkins
|
0-0: Ball 1-0: DOUBLE (Line Drive, 9LS, EV 100.6 MPH) Stephen Van Raalte scores Justin Curran to third
|
Batting: RHB Joel Escalera
|
0-0: Swinging Strike 0-1: Swinging Strike 0-2: Ball 1-2: Strikes out swinging
|
Batting: SHB Josh Vaill
|
0-0: Ground out 4-3 (Groundball, 4, EV 77.5 MPH)
|
Top of the 7th over - 3 runs, 4 hits, 0 errors, 2 left on base; Los Angeles (NYP) 3 - Cincinnati (NYP) 2 |
BOTTOM OF THE 7TH |
Cincinnati (NYP) Reds batting - Pitching for Los Angeles (NYP) Dodgers : RHP Jean-Michel Hamon
|
Pinch Hitting: SHB Alex Morales
|
0-0: Swinging Strike 0-1: Foul Ball, location: 2F 0-2: Ball 1-2: Ball 2-2: Ground out 4-3 (Groundball, 13, EV 81.9 MPH)
|
Batting: RHB Jonathan Robies
|
0-0: Ball 1-0: Foul Ball, location: 2F 1-1: Ball 2-1: Ground out 4-3 (Groundball, 13, EV 90.0 MPH)
|
Batting: RHB Eric Sullivan
|
0-0: Fly out, F8 (Flyball, 8LD, EV 85.6 MPH)
|
Bottom of the 7th over - 0 runs, 0 hits, 0 errors, 0 left on base; Los Angeles (NYP) 3 - Cincinnati (NYP) 2 |
TOP OF THE 8TH |
Los Angeles (NYP) Dodgers batting - Pitching for Cincinnati (NYP) Reds : RHP Jesus Gallegos
|
Now at 1B: Rich Ranaldi
|
|
Batting: RHB Jim Rogers
|
0-0: Ball 1-0: Ground out 5-3 (Groundball, 56, EV 88.8 MPH)
|
Batting: RHB Mike Dodson
|
0-0: Called Strike 0-1: Swinging Strike 0-2: Strikes out looking
|
Batting: RHB Luis Grajeda
|
0-0: Foul Ball, location: 2F 0-1: Ball 1-1: Ball 2-1: Ball 3-1: Base on Balls
|
Batting: LHB Stephen Van Raalte
|
0-0: Ball 1-0: Ball 2-0: Called Strike Luis Grajeda steals 2nd base 2-1: Foul Ball, location: 2F 2-2: Ball Wild Pitch! Luis Grajeda to third 3-2: Strikes out swinging
|
Top of the 8th over - 0 runs, 0 hits, 0 errors, 1 left on base; Los Angeles (NYP) 3 - Cincinnati (NYP) 2 |
BOTTOM OF THE 8TH |
Cincinnati (NYP) Reds batting - Pitching for Los Angeles (NYP) Dodgers : RHP Jean-Michel Hamon
|
Pinch Hitting: LHB Curt Johnson
|
0-0: Ball 1-0: Ground out 6-3 (Groundball, 4M, EV 103.8 MPH)
|
Batting: RHB Frank Moron
|
0-0: Foul Ball, location: 2F 0-1: Ground out 6-3 (Groundball, 6, EV 94.4 MPH)
|
Batting: RHB Ryan Short
|
0-0: Ball 1-0: Called Strike 1-1: Ground out 6-3 (Groundball, P, EV 83.1 MPH)
|
Bottom of the 8th over - 0 runs, 0 hits, 0 errors, 0 left on base; Los Angeles (NYP) 3 - Cincinnati (NYP) 2 |
TOP OF THE 9TH |
Los Angeles (NYP) Dodgers batting - Pitching for Cincinnati (NYP) Reds : RHP Jesus Gallegos
|
Now in RF: Josh Newby
|
|
Batting: LHB Nate Kee
|
0-0: Ball 1-0: Ball 2-0: Swinging Strike 2-1: Ball 3-1: Base on Balls
|
Pitching: RHP Marcus Jackson
|
|
Batting: RHB Justin Curran
|
0-0: Ball 1-0: Bunted foul 1-1: Ball 2-1: Bunted foul 2-2: Strikes out looking
|
Batting: RHB David Watkins
|
0-0: Ball 1-0: Swinging Strike 1-1: Foul Ball, location: 2F 1-2: Strikes out swinging Nate Kee steals 2nd base Batter strikes out.
|
Batting: RHB Joel Escalera
|
0-0: Ball 1-0: Called Strike 1-1: Ball 2-1: Ground out 4-3 (Groundball, 4, EV 85.6 MPH)
|
Top of the 9th over - 0 runs, 0 hits, 0 errors, 1 left on base; Los Angeles (NYP) 3 - Cincinnati (NYP) 2 |
BOTTOM OF THE 9TH |
Cincinnati (NYP) Reds batting - Pitching for Los Angeles (NYP) Dodgers : RHP Jean-Michel Hamon
|
Pitching: RHP Juan Rodriguez
|
|
Now in LF: Joe Bower
|
|
Pinch Hitting: LHB Brian Snyder
|
0-0: Ball 1-0: Ball 2-0: Ball 3-0: Base on Balls
|
Batting: LHB Ray Walden
|
0-0: Called Strike 0-1: Foul Ball, location: 2F 0-2: Ball 1-2: Ball 2-2: Ball 3-2: Foul Ball, location: 2F 3-2: Strikes out swinging
|
Batting: RHB Pat McCoy
|
0-0: Grounds into double play, 4-6-3 (Groundball, 4, EV 103.8 MPH)
|
Bottom of the 9th over - 0 runs, 0 hits, 0 errors, 0 left on base; Los Angeles (NYP) 3 - Cincinnati (NYP) 2 |
|